 Dungeon Crawl Stone Soup version 0.29.0-4-gdea44cf6ec (webtiles) character file.

Game seed: 598548867081422074

74 qw the Chopper (level 4, 0/28 HPs)
             Began as a Gargoyle Fighter on Sept 10, 2022.
             Killed by nerve-wracking pain
             ... invoked by Grinder
              (4 damage)
             ... on level 3 of the Dungeon.
             The game lasted 00:00:51 (2464 turns).

qw the Chopper (Gargoyle Fighter)                   Turns: 2464, Time: 00:00:52

Health: 0/28       AC: 17    Str: 21    XL:     4   Next: 28%
Magic:  0/4        EV:  5    Int:  9    God:
Gold:   66         SH:  4    Dex:  9    Spells: 3/3 levels left

rFire   . . .      SeeInvis .   Y - +0 war axe
rCold   . . .      Faith    .   c - +0 buckler
rNeg    + . .      Spirit   +   l - +0 plate armour
rPois   inf        Reflect  .   (no helmet)
rElec   +          Harm     .   (no cloak)
rCorr   .          Rampage  +   g - +0 pair of gloves
Will    .....                   a - +0 pair of boots {rampage}
Stlth   ..........              i - amulet of guardian spirit
HPRegen 0.09/turn               (no ring)
MPRegen 0.09/turn               (no ring)

@: no status effects
A: sickness immunity, AC +3, negative energy resistance 1, electricity
resistance, torment resistance 1, petrification resistance
a: no special abilities


You were on level 3 of the Dungeon.
You visited 1 branch of the dungeon, and saw 3 of its levels.

You collected 66 gold pieces.


Innate Abilities, Weirdness & Mutations

You are immune to sickness and miasma.
Your stone body is resilient. (AC +3)
You are immune to poison.
You resist negative energy. (rN+)
You are resistant to electric shocks. (rElec)
You are resistant to unholy torment.
You are immune to petrification.


   Skills:
 - Level 3.2 Fighting
 + Level 4.0 Axes
 - Level 3.2 Armour
 - Level 3.2 Shields


You had 3 spell levels left.
You didn't know any spells.
Your spell library was empty.

Inventory:

Hand Weapons
 h - a +0 flail
 Y - a +0 war axe (weapon)
Armour
 a - a +0 pair of boots of rampaging (worn)
 c - a +0 buckler (worn)
 g - a +0 pair of gloves (worn)
 l - a +0 plate armour (worn)
Jewellery
 i - an amulet of guardian spirit (around neck)
Scrolls
 b - a scroll of enchant weapon {unknown}
Potions
 d - a potion of might
 j - a potion of berserk rage {unknown}
 k - a potion of curing {unknown}

Dungeon Overview and Level Annotations

Branches:
Dungeon (3/15)

Altars:

Annotations:
D:3 Grinder


Message History

Grinder is moderately wounded.
Grinder hits you but does no damage.
You hit Grinder.
Grinder is heavily wounded.
Grinder hits you but does no damage. Grinder gestures at you.
You resist with significant effort.
You closely miss Grinder.
Grinder is heavily wounded.
Grinder hits you.
You completely miss Grinder.
Grinder is heavily wounded.
Grinder gestures at you.
You suddenly lose the ability to move!
Grinder gestures at you. You resist with significant effort.
Grinder hits you but does no damage. x2
Grinder says, "DUCK!"
Grinder hits you but does no damage.
You can move again.
You hit Grinder but do no damage.
Grinder is heavily wounded.
Grinder hits you but does no damage. Grinder hits you.
You writhe in agony.
You closely miss Grinder.
Grinder is heavily wounded.
You block Grinder's attack.
You closely miss Grinder.
Grinder is heavily wounded.
Grinder blinks!
You rampage towards Grinder!
You hit Grinder.
Grinder is severely wounded.
Grinder hits you but does no damage.
You closely miss Grinder.
Grinder is severely wounded.
Grinder hits you but does no damage.
You hit Grinder.
Grinder is severely wounded.
Grinder gestures at you. Pain shoots through your body!
You die...

#.......# #.# .
#########.###.####... .
.....>...............
..########....###.#######
..#.#....###..###.#########
....#.##.###......)........
......#..#....###.#########
......#.##.######'#####
......#....# #.5@.....#
###+#.########........#
#..........#........#
###.######.####+##### #.#
#.# # #.######.####.#
#...........#.#
########......#
#...........#


You could see Grinder.

Vanquished Creatures
  3 gnolls (D:2)
  A worm (D:2)
  A dart slug (D:1)
  4 endoplasms
  A giant cockroach (D:1)
  3 goblins
  3 jackals (D:2)
  4 kobolds
  4 quokkas (D:1)
  8 ball pythons
  2 bats
  3 frilled lizards
  3 rats
40 creatures vanquished.

Notes
Turn   | Place    | Note
-------+----------+-------------------------------------------
     0 | D:1      | qw the Gargoyle Fighter began the quest for the Orb.
     0 | D:1      | Reached XP level 1. HP: 14/14 MP: 1/1
     0 | D:1      | 0 ||| qw: Version: 0.1-a-113-g051387a
     0 | D:1      | 0 ||| qw: Game counter: 7380
     0 | D:1      | 0 ||| qw: Always use a shield: true
     0 | D:1      | 0 ||| qw: God list: Okawaru
     0 | D:1      | 0 ||| qw: Allow faded altars: false
     0 | D:1      | 0 ||| qw: Do Orc after D:15 true
     0 | D:1      | 0 ||| qw: Do second Lair branch before Depths: true
     0 | D:1      | 0 ||| qw: Lair rune preference: random
     0 | D:1      | 0 ||| qw: Plans: Normal, Zot, God:TSO, Crypt, Tomb, Zig,
                  | Orb
     0 | D:1      | 0 ||| PLANNING D:1-11
    62 | D:1      | Reached skill level 2 in Axes
    97 | D:1      | 97 ||| Stepping ~*~*~tactically~*~*~ (stealth).
   104 | D:1      | 104 ||| Stepping ~*~*~tactically~*~*~ (stealth).
   105 | D:1      | 105 ||| Stepping ~*~*~tactically~*~*~ (stealth).
   191 | D:1      | Reached XP level 2. HP: 19/19 MP: 2/2
   803 | D:1      | Reached skill level 3 in Axes
   810 | D:1      | 810 ||| Stepping ~*~*~tactically~*~*~ (stealth).
   854 | D:1      | Reached XP level 3. HP: 23/23 MP: 3/3
  1022 | D:1      | 1022 ||| UPGRADING to +0 pair of gloves.
  1027 | D:1      | 1027 ||| UPGRADING to +0 chain mail.
  1037 | D:1      | 1037 ||| DROPPING +0 scale mail.
  1038 | D:1      | 1038 ||| UPGRADING to +0 plate armour.
  1048 | D:1      | 1048 ||| DROPPING +0 chain mail.
  1049 | D:1      | 1049 ||| UPGRADING to amulet of guardian spirit.
  1054 | D:1      | 1054 ||| READING scroll labelled PUBRONW MIRO.
  1677 | D:2      | Reached XP level 4. HP: 20/28 MP: 1/4
  1854 | D:2      | 1854 ||| DROPPING +0 whip.
  2097 | D:2      | 2097 ||| UPGRADING to +0 pair of boots of rampaging.
  2102 | D:2      | 2102 ||| READING scroll labelled GELOXZAMIM.
  2203 | D:2      | 2203 ||| READING scroll labelled JARUNI NOQAMOO.
  2204 | D:2      | 2204 ||| READING scroll labelled XUUKLE NOQYTO.
  2239 | D:2      | 2239 ||| READING scroll labelled HOITIY IGAEDEEL.
  2266 | D:3      | Reached skill level 4 in Axes
  2436 | D:3      | Noticed Grinder
  2437 | D:3      | Paralysed by Grinder for 3 turns
  2443 | D:3      | Paralysed by Grinder for 2 turns
  2454 | D:3      | Paralysed by Grinder for 5 turns
  2459 | D:3      | HP: 5/28 [Grinder (4)]
  2464 | D:3      | Killed from afar by Grinder

Levels and vault maps discovered:
D:1:      lightli_arrival_flooded_house, layout_basic
D:2:      layout_basic
D:3:      layout_basic, uniq_grinder, uniq_jessica

Skill      XL: |  1  2  3  4 |
---------------+-------------+-----
Axes           | 2 3 4 |  4.0
Fighting       | |  3.2
Armour         | |  3.2
Shields        | |  3.2

Action                   |  1- 3 |  4- 6 || total
-------------------------+-------+-------++-------
Melee: War axe           |    94 |    40 ||   134
  Use: Scroll            |     1 |     4 ||     5
Armor: Scale mail        |    27 |       ||    27
       Plate armour      |    39 |    22 ||    61
Dodge: Dodged            |    33 |     7 ||    40
Block: Buckler           |    18 |     4 ||    22

Table legend:
 A = Non-vault XP
 B = Vault XP
 C = Vault XP percentage of total XP
 D = Non-vault monster count
 E = Vault monster count
 F = Vault count percentage of total count
                 A         B        C        D         E       F
            +---------+---------+-------+---------+---------+-------
      Total |     106 |       0 |   0.0 |      40 |       0 |   0.0
            +---------+---------+-------+---------+---------+-------
        D:1 |      37 |       0 |   0.0 |      23 |       0 |   0.0
        D:2 |      61 |       0 |   0.0 |      12 |       0 |   0.0
        D:3 |       8 |       0 |   0.0 |       5 |       0 |   0.0
            +---------+---------+-------+---------+---------+-------
